 Dungeon Crawl Stone Soup version 0.26-a0-1101-g8f9f7f7418 (webtiles) character file.

Game seed: 1932153619761837705

93 tilp the Changer (level 4, -1/28 HPs)
             Began as an Octopode Transmuter on Dec 15, 2020.
             Slain by an adder (4 damage)
             ... on level 2 of the Dungeon.
             The game lasted 00:05:06 (2473 turns).

tilp the Changer (Octopode Transmuter)              Turns: 2473, Time: 00:05:06

Health: -1/28      AC:  1    Str:  9    XL:     4   Next: 62%
Magic:  7/7        EV: 13    Int: 16    God:
Gold:   144        SH:  0    Dex: 12    Spells: 1/7 levels left

rFire    . . .     SeeInvis .     - Unarmed
rCold    . . .     Faith    .   (no shield)
rNeg     . . .     Spirit   .   (helmet restricted)
rPois    .         Reflect  .   (no amulet)
rElec    .         Harm     .   (no ring)
rCorr    .         Rampage  .   (no ring)
Will     .....                  (no ring)
Stlth    +++.......             (no ring)
HPRegen  0.09/turn              (no ring)
MPRegen  0.10/turn              (no ring)
                                (no ring)
                                (no ring)

@: lethally poisoned (-1 -> -8), about to teleport
A: almost no armour, stealthy swim, amphibious, 8 rings, constrict 8, camouflage
1, gelatinous body 1
a: no special abilities


You were on level 2 of the Dungeon.
You visited 1 branch of the dungeon, and saw 2 of its levels.

You collected 144 gold pieces.

Inventory:

Missiles
 b - 96 stones (quivered)
Jewellery
 g - a cursed -4 ring of dexterity {unknown}
Scrolls
 a - a scroll of identify {unknown}
 c - 3 scrolls of teleportation
 d - a scroll of immolation {unknown}
Potions
 e - 2 potions of heal wounds {unknown}
 f - a potion of berserk rage {unknown}


   Skills:
 + Level 1.6 Fighting
 - Level 2.0 Dodging
 + Level 1.6 Stealth
 + Level 3.3 Unarmed Combat
 - Level 2.0 Spellcasting
 - Level 4.0 Transmutations


You had one spell level left.
You knew the following spells:

 Your Spells              Type           Power        Failure   Level
a - Beastly Appendage     Tmut           ##....       4%          1
b - Wereblood             Tmut           ##......     6%          2
c - Spider Form           Tmut/Pois      #.........   26%         3

Your spell library contained the following spells:

 Spells                   Type           Power        Failure   Level
 Ice Form                 Ice/Tmut       #.......     65%         4
 Blade Hands              Tmut           ##........   73%         5


Dungeon Overview and Level Annotations

Branches:
Dungeon (2/15)

Altars:
Yredelemnul


Innate Abilities, Weirdness & Mutations

You cannot wear most types of armour.
You are very stealthy in the water. (Stealth+)
You are amphibious.
You can wear up to eight rings at the same time.
You can use your tentacles to constrict eight enemies at once.
Your skin changes colour to match your surroundings (Stealth+).
Your rubbery body absorbs attacks. (AC +1, EV +1)


Message History

Your tentacle spike misses the adder.
Your tentacle spike disappears.
The adder bites you. The rat bites you.
* * * LOW HITPOINT WARNING * * *
You barely miss the adder. You grab the adder. You constrict the adder.
* * * LOW HITPOINT WARNING * * *
You feel sick.
The adder barely misses you. x2; The rat closely misses you.
As you read the scroll of teleportation, it crumbles to dust.
You feel strangely unstable.
You constrict the adder, but do no damage.
* * * LOW HITPOINT WARNING * * *
You feel sick. The adder barely misses you. The adder bites you.
* * * LOW HITPOINT WARNING * * *
The rat barely misses you. The adder misses you. The adder barely misses you.
You tentacle-slap the rat. You grab the rat.
The rat is moderately wounded.
You constrict the adder. You constrict the rat.
You kill the rat!
The adder bites you.
You die...

.....>....##..#.........#
........................#
......(......#..........#
................).......#
.......$.....##.........#
.........?.#.######.#.###
.........###.# #.#..# .......#.#
#.# #..#.# ..###..#@# #.# ##.#.#
# ###.SS###.## #.#.# ##
#.....[#...# #.#.# ###.
#......#.).# #...## ....#####
#.....##...## ###... ........#
#.....#.....# ##....
##......####....##.#.#.## #.....
.#......##....###..#.#..####.....
...........####...##.##)..####...


You could see 2 adders.

Vanquished Creatures
  4 adders (D:2)
  2 worms (D:2)
  3 dart slugs
  2 leopard geckos
  A giant cockroach (D:1)
  5 goblins (D:1)
  6 hobgoblins
  A quokka (D:2)
  7 bats
  3 frilled lizards (D:1)
  5 kobolds
  8 rats
47 creatures vanquished.

Notes
Turn   | Place    | Note
-------+----------+-------------------------------------------
     0 | D:1      | tilp the Octopode Transmuter began the quest for the Orb.
     0 | D:1      | Reached XP level 1. HP: 13/13 MP: 3/3
   364 | D:1      | Reached XP level 2. HP: 18/18 MP: 3/5
   367 | D:1      | Learned a level 2 spell: Wereblood
   582 | D:1      | Reached skill level 3 in Transmutations
   900 | D:1      | Reached XP level 3. HP: 23/23 MP: 3/6
  1484 | D:1      | Learned a level 3 spell: Spider Form
  1531 | D:2      | Found a basalt altar of Yredelemnul.
  1752 | D:2      | Reached skill level 4 in Transmutations
  1993 | D:2      | Reached XP level 4. HP: 23/28 MP: 4/7
  2019 | D:2      | Reached skill level 1 in Stealth
  2473 | D:2      | Slain by an adder

Illustrated notes

Levels and vault maps discovered:
D:1:      sevenhm_arrival_forest_fort_small_5, layout_loops_ring,
          minmay_quantized
D:2:      minmay_general_purpose_star, layout_rooms, yredelemnul_altar_generic,
          feat_on_display

Skill      XL: |  1  2  3  4 |
---------------+-------------+-----
Transmutations | 3 4 |  4.0
Stealth        | 1 |  1.6
Fighting       | |  1.6
Dodging        | |  2.0
Unarmed Combat | |  3.3
Spellcasting   | |  2.0

Action                   |  1- 3 |  4- 6 || total
-------------------------+-------+-------++-------
Melee: Unarmed           |    89 |    19 ||   108
       Constrict         |    27 |     8 ||    35
       Kick              |    19 |     7 ||    26
       Tentacles         |    10 |     3 ||    13
       Punch             |       |     1 ||     1
Throw: Stone             |     2 |     1 ||     3
 Cast: Beastly Appendage |    28 |     3 ||    31
       Wereblood         |     1 |     1 ||     2
  Use: Scroll            |     1 |     1 ||     2
 Stab: Sleeping          |     6 |     1 ||     7
Armor: Skin              |    10 |       ||    10
Dodge: Dodged            |    52 |    14 ||    66

Table legend: (Time is in decaauts)
 A = Elapsed time spent in this place.
 B = Non-inter-level travel time spent in this place.
 C = Inter-level travel time spent in this place.
 D = Time resting spent in this place.
 E = Time spent auto-exploring this place.
 F = Levels seen in this place.
 G = Mean time per level.
                   A        B        C        D        E       F      G
               +--------+--------+--------+--------+--------+-----+--------+
         Total |   2468 |   2312 |    156 |    789 |   1031 |   2 | 1234.0 |
       Dungeon |   2468 |   2312 |    156 |    789 |   1031 |   2 | 1234.0 |
               +--------+--------+--------+--------+--------+-----+--------+

Top non-repeatable levels by time:
     D:1: 1622 daAuts
     D:2: 845 daAuts
